 Dungeon Crawl Stone Soup version 0.24.0-35-gdb84b6a5db (webtiles) character file.

Game seed: 3685021519249921623, levelgen mode: deterministic

1428 Psun the Covert (level 8, 0/58 HPs)
             Began as a Vampire Assassin on Nov 17, 2019.
             Was an Initiate of Gozag.
             Succumbed to an orc wizard's poison
             ... on level 6 of the Dungeon.
             The game lasted 00:35:35 (5032 turns).

Psun the Covert (Vampire Assassin)                  Turns: 5032, Time: 00:35:36

Health: 0/58       AC:  7    Str: 10    XL:     8   Next: 44%
Magic:  8/8        EV: 11    Int: 14    God:    Gozag
Gold:   229        SH:  0    Dex: 17    Spells: 7/7 levels left

rFire    . . .     SeeInvis +   a - +2 dagger
rCold    . . .     Gourm    .   (no shield)
rNeg     . . .     Faith    .   A - +0 scale mail
rPois    .         Spirit   .   C - -1 helmet
rElec    .         Reflect  .   c - +0 cloak
rCorr    .         Harm     .   (no gloves)
MR       .....                  (no boots)
Stlth    +++.......             (no amulet)
HPRegen  0.39/turn              g - +4 ring of slaying
MPRegen  0.11/turn              (no ring)

@: lethally poisoned (0 -> -2), regenerating quickly
A: no food, fangs 3, see invisible, unbreathing
a: Exsanguinate, Potion Petition, Call Merchant, Bribe Branch, Renounce Religion


You were on level 6 of the Dungeon.
You worshipped Gozag.
Gozag was aware of your devotion.
You were alive.

You visited 2 branches of the dungeon, and saw 7 of its levels.

You collected 293 gold pieces.
You paid 64 gold pieces to Gozag.

Inventory:

Hand Weapons
 a - a +2 dagger (weapon)
 k - a +0 hunting sling
 l - a -2 dagger
 p - a +1 mace of crushing
 x - a +0 scythe
 F - a +3 spear
Missiles
 d - 8 poisoned darts (quivered)
 e - 2 curare-tipped darts
 m - 35 sling bullets
 s - 79 stones
 t - 33 arrows
 v - 32 bolts
Armour
 b - a +0 robe
 c - a +0 cloak (worn)
 q - a +0 scale mail
 A - a +0 scale mail (worn)
 C - a -1 helmet (worn)
 H - a +2 hat
Jewellery
 g - a +4 ring of slaying (left hand)
 G - an uncursed ring of protection from cold {unknown}
Wands
 E - a wand of random effects (17)
 L - a wand of disintegration (12)
Scrolls
 h - a scroll of noise
 j - 4 scrolls of teleportation
 u - 2 scrolls of fog
 y - a scroll of enchant weapon
 z - 2 scrolls of immolation
 D - 4 scrolls of identify
 I - a scroll of blinking {unknown}
 J - a scroll of brand weapon {unknown}
 M - a scroll of amnesia
Potions
 f - a potion of haste {unknown}
 i - 2 potions of curing {unknown}
 n - 2 potions of heal wounds
 o - a potion of agility {unknown}
 r - a potion of invisibility {unknown}
 w - a potion of mutation {unknown}
 B - a potion of might {unknown}


   Skills:
 + Level 3.1 Fighting
 * Level 7.5 Short Blades
 + Level 1.6 Throwing
 + Level 1.8 Armour
 * Level 5.2 Dodging
 + Level 10.0 Stealth


You had 7 spell levels left.
You didn't know any spells.
Your spell library contained the following spells:

 Spells                   Type           Power        Failure   Level  Hunger
 Magic Dart               Conj           #...         89%         1    N/A
 Blink                    Tloc           N/A          96%         2    N/A
 Call Imp                 Summ           #.......     96%         2    N/A
 Slow                     Hex            #.......     96%         2    N/A
 Conjure Flame            Conj/Fire      #.......     99%         3    N/A
 Mephitic Cloud           Conj/Pois/Air  #.......     99%         3    N/A

Dungeon Overview and Level Annotations

Branches:
Dungeon (6/15)             Temple (1/1) D:4

Altars:
Ashenzari
Cheibriados
Dithmenos
Elyvilon
Fedhas
Gozag
Hepliaklqana
Kikubaaqudgha
Makhleb
Nemelex Xobeh
Okawaru
Qazlal
Ru
Sif Muna
Trog
Uskayaw
Vehumet
Xom
Yredelemnul
Zin
The Shining One

Shops:
D:5 ((*:(   D:6 !

Annotations:
D:5 3 runed translucent doors, dracomuter's ghost, amateur DrCj


Innate Abilities, Weirdness & Mutations

You do not eat.
Your natural rate of healing is unusually fast.
You have razor-sharp teeth.
You have supernaturally acute eyesight. (SInv)
You can survive without breathing.


Message History

You feel sick.
* * * LOW HITPOINT WARNING * * *
You feel sick.
As you read the scroll of teleportation, it crumbles to dust.
You feel strangely unstable.
* * * LOW HITPOINT WARNING * * *
You feel sick. The orc hits you with a +0 flail.
* * * LOW HITPOINT WARNING * * *
* * * LOW HITPOINT WARNING * * *
You feel sick.
* * * LOW HITPOINT WARNING * * *
You feel sick.
Your surroundings suddenly seem different.
The orc priest shouts!
Found a club and 11 gold pieces.
Found Zesun's Distillery.
As you read the scroll labeled SYK ARISUFIAR, it crumbles to dust.
You feel aware of your surroundings.
You sensed 1 altar.
It was a scroll of magic mapping.
You die...
Your body crumbles into a pile of gold.

,,** *,,,,,,,,,*** **,,**
***
,*****+*,........####*#.,**
* .*
*.+_+,...........##..** #*
*.#+#............#..#* #
*#..................#* #
*.........)........#*
#*#.................#*
##.................#*
o#o.............@.#*
..o..$...........##
##o.......⌠.⌠....#
*#........∩....## #
*#......⌠.⌠oo#* ##
*#......$o..,* .#
*..........,* .##
**.....o...,* ..##
**..,,,*,,,****


You could see 2 orc priests and 2 orcs.

Vanquished Creatures
  Grinder (D:5)
  Sigmund (D:3)
  A wyvern (D:5)
  An orc warrior (D:6)
  2 ogres
  A phantom (D:4)
  2 scorpions (D:4)
  A crimson imp (D:5)
  A centaur zombie (D:6)
  2 orc priests
  A hound (D:5)
  A jelly (D:5)
  3 orc wizards
  2 bullfrog skeletons
  A worker ant (D:5)
  6 adders
  An ooze (D:3)
  An adder skeleton (D:4)
  An adder zombie (D:6)
  4 worms
  5 dart slugs
  10 orcs
  6 giant cockroaches
  5 goblins
  6 hobgoblins
  9 jackals
  8 kobolds
  A quokka (D:2)
  5 ball pythons
  9 bats
  5 frilled lizards
  A jackal zombie (D:5)
  7 rats
111 creatures vanquished.

Notes
Turn   | Place    | Note
-------+----------+-------------------------------------------
     0 | D:1      | Psun the Vampire Assassin began the quest for the Orb.
     0 | D:1      | Reached XP level 1. HP: 16/16 MP: 1/1
    52 | D:1      | Reached skill level 6 in Stealth
   120 | D:1      | Reached XP level 2. HP: 22/22 MP: 2/2
   476 | D:1      | Reached XP level 3. HP: 27/27 MP: 3/3
   883 | D:2      | Reached skill level 7 in Stealth
   884 | D:2      | Found a shattered altar of Ashenzari.
  1485 | D:3      | Reached XP level 4. HP: 33/33 MP: 4/4
  1534 | D:3      | Noticed Sigmund
  1565 | D:3      | Killed Sigmund
  1565 | D:3      | Reached skill level 8 in Stealth
  1565 | D:3      | Reached XP level 5. HP: 16/38 MP: 5/5
  1795 | D:3      | Reached XP level 6. HP: 43/44 MP: 6/6
  2472 | D:4      | Found a staircase to the Ecumenical Temple.
  2845 | D:4      | Reached skill level 5 in Short Blades
  2845 | D:4      | Reached skill level 9 in Stealth
  3055 | D:4      | Reached XP level 7. HP: 37/51 MP: 7/7
  3528 | D:5      | Entered Level 5 of the Dungeon
  3591 | D:5      | Noticed Grinder
  3592 | D:5      | Found Muebb's Weapon Boutique.
  3608 | D:5      | Paralysed by Grinder for 3 turns
  3641 | D:5      | Killed Grinder
  3678 | D:5      | Reached skill level 1 in Armour
  3744 | Temple   | Entered the Ecumenical Temple
  3983 | Temple   | Became a worshipper of Gozag Ym Sagoz the Greedy
  4079 | D:5      | Found Kydylig's Book Shop.
  4089 | D:5      | Reached XP level 8. HP: 57/57 MP: 8/8
  4264 | D:5      | Found Duvvuiso's Weapon Shoppe.
  4285 | D:5      | Reached skill level 5 in Dodging
  4286 | D:5      | Found Loiroud's Assorted Antiques.
  4393 | D:5      | Found a runed translucent gate.
  4394 | D:5      | Found a runed translucent gate.
  4395 | D:5      | Found a runed translucent gate.
  4397 | D:5      | Found an opulent altar of Gozag.
  4397 | D:5      | Noticed dracomuter's ghost (amateur DrCj)
  4506 | D:5      | Found Bapuditu's Weapon Boutique.
  4534 | D:5      | Found a shimmering blue altar of Sif Muna.
  4534 | D:5      | Found a basalt altar of Yredelemnul.
  4536 | D:5      | Found a shadowy altar of Dithmenos.
  4540 | D:5      | Found a bloodstained altar of Trog.
  4540 | D:5      | Found a hide-covered altar of Uskayaw.
  4540 | D:5      | Found a white marble altar of Elyvilon.
  4541 | D:5      | Found a shimmering altar of Xom.
  4542 | D:5      | Found a radiant altar of Vehumet.
  4543 | D:5      | Found a blossoming altar of Fedhas.
  4544 | D:5      | Found a sacrificial altar of Ru.
  4545 | D:5      | Found a hazy altar of Hepliaklqana.
  4656 | D:6      | Found a white marble altar of Elyvilon.
  5010 | D:6      | Reached skill level 10 in Stealth
  5028 | D:6      | HP: 2/58 [orc/+0 flail (2)]
  5031 | D:6      | Found Zesun's Distillery.
  5032 | D:6      | Succumbed to an orc wizard's poison

Levels and vault maps discovered:
D:1:      scummos_arrival_hexagon, layout_loops_ring, minivault_11, st_stairs_7
D:2:      layout_loops_ring, evilmike_ruin_ashenzari
D:3:      layout_loops_ring, uniq_sigmund
D:4:      layout_gridville, minmay_temple_entry_mist
D:5:      layout_rooms, minitemple, serial_shops, kennysheep_mini_moat, shop,
          shop, shop, shop, ebering_ghost_gozag, first_ration, uniq_grinder
D:6:      layout_cave_pods, kennysheep_mini, serial_shops, shop_fountains,
          basic_altar
Temple:   jpeg_temple_island

Skill      XL: |  1  2  3  4  5  6  7  8 |
---------------+-------------------------+-----
Stealth        | 6 7 8 9 10 | 10.0
Short Blades   | 3 4 5 6 7 |  7.5
Fighting       | 2 3 |  3.1
Dodging        | 2 3 4 5 |  5.2
Armour         | 1 |  1.8
Throwing       | |  1.6

Action                   |  1- 3 |  4- 6 |  7- 9 || total
-------------------------+-------+-------+-------++-------
Melee: Dagger            |    89 |   193 |   146 ||   428
       Bite              |     4 |    21 |    18 ||    43
  Use: Scroll            |       |     7 |     4 ||    11
 Stab: Distracted        |     2 |       |       ||     2
       Sleeping          |    17 |    12 |     9 ||    38
Armor: Robe              |    21 |    41 |       ||    62
       Scale mail        |       |    10 |    44 ||    54
Dodge: Dodged            |    52 |   135 |    55 ||   242
